[Event "Titled Tuesday Blitz March 28 Early 2023"]
[White "Ozates, Tuna"]
[Black "Nagy, Gabor"]
[WhiteFideId "6354521"]
[BlackFideId "737119"]
[WhiteElo "2151"]
[BlackElo "2510"]
[Result "1-0"]
[Round "02"]
[TimeControl "180+2"]
[Date "2023.03.28"]
[WhiteClock "0:00:16"]
[BlackClock "0:01:22"]

1. e4 c5 2. Nf3 d6 3. Bb5+ Nd7 4. O-O Nf6 5. Re1 a6 6. Bf1 e5 7. c3 Be7 8. d4 O-O 9. Nbd2 Qc7 10. h3 Re8 11. a4 b6 12. d5 Nf8 13. Nc4 Ng6 14. a5 b5 15. Nb6 Rb8 16. Nxc8 Rexc8 17. Bd2 c4 18. Be3 Bd8 19. g3 Qd7 20. Nd2 Qe8 21. Bg2 Nd7 22. h4 Nc5 23. Bxc5 Rxc5 24. Qg4 Nf8 25. Bf1 Nd7 26. Nb1 b4 27. Ra4 Bxa5 28. cxb4 Rxb4 29. Rxb4 Bxb4 30. Rc1 Nf6 31. Qf3 Qc8 32. Be2 h6 33. g4 Nd7 34. g5 hxg5 35. hxg5 g6 36. Kg2 Qd8 37. Qg3 Nb6 38. Rh1 Kf8 39. Rh8+ Ke7 40. Rxd8 Kxd8 41. Qf3 Rc7 42. Nc3 Bxc3 43. bxc3 Na4 44. Qf6+ Kc8 45. Qxd6 Nxc3 46. Qxa6+ Kd7 47. Bxc4 Nxe4 48. Bb5+ Ke7 49. Qa8 Nd6 50. Bc6 e4 51. Qh8 Ra7 52. Qe5+ Kf8 53. Qxd6+ Kg7 54. Qf6+ Kh7 55. d6 e3 56. fxe3 Kg8 57. Bd5 Kh7 58. Kf3 Kg8 59. Qe7 Ra1 60. Qxf7+ Kh8 61. Qg8# 1-0


[Site "https://www.chess.com"]

[Event "Titled Tuesday Blitz March 28 Early 2023"]
[White "Cori T., Deysi"]
[Black "Idani, Pouya"]
[WhiteFideId "3801934"]
[BlackFideId "12510130"]
[WhiteElo "2292"]
[BlackElo "2574"]
[Result "0-1"]
[Round "02"]
[TimeControl "180+2"]
[Date "2023.03.28"]
[WhiteClock "0:00:04"]
[BlackClock "0:00:13"]

1. c4 e5 2. Nc3 Bb4 3. e3 Nc6 4. Nge2 Nf6 5. a3 Be7 6. d4 exd4 7. Nxd4 O-O 8. Be2 Ne5 9. O-O d6 10. f4 Ned7 11. Bf3 c6 12. b4 Re8 13. Kh1 Bf8 14. Qd3 Nb6 15. e4 a5 16. Bb2 c5 17. Nc2 Be6 18. Nd5 Bxd5 19. cxd5 Nfd7 20. Qb5 axb4 21. axb4 Rxa1 22. Rxa1 cxb4 23. Qxb4 Nc5 24. Qd4 Nb3 25. Qb4 Nxa1 26. Bxa1 Qc7 27. Qb2 Nxd5 28. g3 Nf6 29. Nd4 Rc8 30. Kg2 Qc4 31. h4 Nd7 32. Nf5 Qc2+ 33. Kh3 Qxb2 34. Bxb2 Rc2 35. Ba3 Rc3 0-1


[Site "https://www.chess.com"]

[Event "Titled Tuesday Blitz March 28 Early 2023"]
[White "Belov, Alexei"]
[Black "Xu, Yi"]
[WhiteFideId "4128206"]
[BlackFideId "8605564"]
[WhiteElo "2540"]
[BlackElo "2471"]
[Result "0-1"]
[Round "02"]
[TimeControl "180+2"]
[Date "2023.03.28"]
[WhiteClock "0:00:49"]
[BlackClock "0:01:26"]

1. e4 c5 2. Nf3 d6 3. d4 cxd4 4. Nxd4 Nf6 5. Nc3 a6 6. Be2 e5 7. Nb3 Be7 8. O-O O-O 9. Kh1 Nc6 10. f4 Re8 11. Be3 exf4 12. Bxf4 Be6 13. Qe1 Ne5 14. Rd1 Qc7 15. Qg3 Kh8 16. Nd4 Rad8 17. a4 Nfd7 18. Bd3 Bf6 19. h3 Qb6 20. Nf5 Bxf5 21. exf5 Qxb2 22. Nd5 Nxd3 23. Nxf6 Nxf6 24. Rxd3 Ne4 25. Qf3 Qxc2 26. Rfd1 Nf2+ 0-1


[Site "https://www.chess.com"]

[Event "Titled Tuesday Blitz March 28 Early 2023"]
[White "Wong, Yinn Long"]
[Black "Jimenez Almeida, Luis David"]
[WhiteFideId "5707684"]
[BlackFideId "22242244"]
[WhiteElo "2271"]
[BlackElo "2245"]
[Result "0-1"]
[Round "02"]
[TimeControl "180+2"]
[Date "2023.03.28"]
[WhiteClock "0:00:09"]
[BlackClock "0:00:10"]

1. d4 g6 2. e4 c6 3. Nc3 Bg7 4. Nf3 d6 5. h3 Nf6 6. Be2 Na6 7. O-O Nc7 8. Re1 O-O 9. Bg5 h6 10. Be3 a5 11. Qd2 Kh7 12. Rad1 Qe8 13. e5 Nfd5 14. exd6 Nxe3 15. dxe7 Qxe7 16. Qxe3 Qb4 17. Qc1 Be6 18. a3 Qd6 19. Ne4 Qd8 20. c4 Re8 21. Bd3 Bf5 22. g4 Bc8 23. Bb1 f5 24. gxf5 Bxf5 25. Kg2 Qd7 26. Ng3 Bxh3+ 27. Kh2 Bg4 28. Nh4 Bxd1 29. Bxg6+ Kg8 30. Bxe8 Rxe8 31. Rxe8+ Nxe8 32. Qxd1 Qxd4 33. Qe2 Qxh4+ 34. Kg2 Qd8 35. Nf5 Qg5+ 36. Ng3 Nf6 37. Qe6+ Kh7 38. Kf1 h5 39. Ne2 h4 40. b4 axb4 41. axb4 Qg4 42. Qe3 h3 43. Qe5 Qxc4 44. Qf5+ Kg8 45. Qxh3 Qxb4 46. Qe6+ Kf8 47. Qc8+ Ne8 48. Qf5+ Ke7 49. Nf4 Qb5+ 50. Qxb5 cxb5 51. Ke2 Kd6 52. Kd3 Nc7 53. Ne2 Nd5 54. Ng3 Kc5 55. Nf5 Be5 56. Ke4 Bc7 57. Nd4 Nc3+ 58. Kd3 Nd5 59. Ne6+ Kd6 60. Nd4 b4 61. Kc4 Bb6 62. Nb5+ Kc6 0-1


[Site "https://www.chess.com"]

[Event "Titled Tuesday Blitz March 28 Early 2023"]
[White "Zemlyanskii, Ivan"]
[Black "Zaragatski, Ilja"]
[WhiteFideId "24249971"]
[BlackFideId "4655192"]
[WhiteElo "2233"]
[BlackElo "2460"]
[Result "1-0"]
[Round "02"]
[TimeControl "180+2"]
[Date "2023.03.28"]
[WhiteClock "0:00:27"]
[BlackClock "0:00:04"]

1. d4 Nf6 2. c4 c5 3. d5 b5 4. Nf3 Bb7 5. a4 Qa5+ 6. Bd2 b4 7. Qc2 g6 8. e4 d6 9. Bd3 Bg7 10. h3 O-O 11. O-O Nbd7 12. Be3 Rae8 13. Nbd2 e6 14. Rfe1 Qc7 15. Rac1 Bc8 16. b3 Nh5 17. g4 Nhf6 18. Nf1 h5 19. g5 Nh7 20. Kg2 exd5 21. exd5 Ne5 22. Nxe5 Bxe5 23. f4 Bc3 24. Re2 Qd7 25. f5 gxf5 26. Ng3 Re5 27. Bf4 Rxe2+ 28. Qxe2 Re8 29. Qxh5 Qe7 30. Rc2 Nf8 31. Re2 Qd8 32. Nxf5 Rxe2+ 33. Qxe2 Ng6 34. Nh6+ Kg7 35. Bxg6 fxg6 36. Qf3 Qe7 37. h4 Bd4 38. Bxd6 1-0


[Site "https://www.chess.com"]

[Event "Titled Tuesday Blitz March 28 Early 2023"]
[White "Kuzmin, Roman"]
[Black "Bryakin, Mikhail"]
[WhiteFideId "44134932"]
[BlackFideId "4165314"]
[WhiteElo "2146"]
[BlackElo "2449"]
[Result "1-0"]
[Round "02"]
[TimeControl "180+2"]
[Date "2023.03.28"]
[WhiteClock "0:00:08"]
[BlackClock "0:01:27"]

1. e4 c5 2. Nf3 d6 3. d4 cxd4 4. Nxd4 Nf6 5. Nc3 a6 6. Be2 e5 7. Nb3 Be6 8. f4 Qc7 9. g4 exf4 10. g5 Nfd7 11. Bxf4 Nc6 12. Qd2 Be7 13. O-O-O Nce5 14. Nd4 O-O 15. Nf5 Bxf5 16. Nd5 Qd8 17. exf5 Re8 18. Nxe7+ Qxe7 19. Qxd6 Qxd6 20. Rxd6 Nf8 21. Rhd1 Rac8 22. b3 g6 23. f6 h5 24. gxh6 Kh7 25. h4 Nc6 26. Bc4 Ne5 27. Bxe5 Rxe5 28. Bxf7 Kxh6 29. Bc4 Rf5 30. f7 b5 31. Bd5 a5 32. Re1 Nh7 33. Re8 Rc5 34. c4 bxc4 35. bxc4 Rf2 36. Rdd8 Rxa2 37. Rh8 Ra1+ 38. Kb2 Rf1 39. f8=Q+ Rxf8 40. Rdxf8 1-0


[Site "https://www.chess.com"]

[Event "Titled Tuesday Blitz March 28 Early 2023"]
[White "Kozlov, Gennady"]
[Black "Gabrielian, Artur"]
[WhiteFideId "4191668"]
[BlackFideId "4131002"]
[WhiteElo "2356"]
[BlackElo "2432"]
[Result "0-1"]
[Round "02"]
[TimeControl "180+2"]
[Date "2023.03.28"]
[WhiteClock "0:01:45"]
[BlackClock "0:01:38"]

1. b3 Nf6 2. Bb2 g6 3. e3 Bg7 4. f4 O-O 5. Nf3 d6 6. Be2 e5 7. fxe5 Nfd7 8. O-O Nc6 9. Na3 dxe5 10. Rb1 Nb6 11. Nc4 f6 12. Nxb6 axb6 13. Bc4+ Kh8 14. a4 Qe7 15. Qe1 Be6 16. Bxe6 Qxe6 17. Qh4 Rad8 18. Rbd1 Kg8 19. Qg3 Rd7 20. h4 e4 21. Nh2 f5 22. Bxg7 Rxg7 23. Qf4 Ne5 24. g4 Rgf7 25. g5 Rd8 26. Rf2 Rfd7 27. Kh1 c5 28. h5 c4 29. bxc4 Nxc4 30. Nf1 Ne5 31. Ng3 Ng4 32. Rg2 Ne5 33. Rf2 Qd6 34. Nf1 Nf3 35. Qxd6 Rxd6 36. hxg6 hxg6 37. Rg2 Kf7 0-1


[Site "https://www.chess.com"]

[Event "Titled Tuesday Blitz March 28 Early 2023"]
[White "Galchenko, Matvey"]
[Black "Dixit, Nikhil"]
[WhiteFideId "24175480"]
[BlackFideId "5059534"]
[WhiteElo "2404"]
[BlackElo "2207"]
[Result "1-0"]
[Round "02"]
[TimeControl "180+2"]
[Date "2023.03.28"]
[WhiteClock "0:00:06"]
[BlackClock "0:00:02"]

1. Nf3 Nf6 2. c4 g6 3. g3 Bg7 4. Bg2 O-O 5. O-O d6 6. Nc3 c5 7. d4 cxd4 8. Nxd4 Nc6 9. Nxc6 bxc6 10. Bxc6 Bh3 11. Bxa8 Qxa8 12. f3 Bxf1 13. Qxf1 d5 14. Bf4 dxc4 15. e4 Qb7 16. Qe2 Nh5 17. Be3 Rb8 18. Qxc4 Rd8 19. Qb3 Qd7 20. Rd1 Qc8 21. Rxd8+ Qxd8 22. Bxa7 Qd3 23. Qb8+ Bf8 24. Kg2 Qc2+ 25. Bf2 e6 26. Qb3 Qd2 27. Qb6 Nf6 28. a4 h5 29. a5 h4 30. a6 Qc1 31. gxh4 Nh5 32. Ne2 Qd2 33. Qe3 Qxb2 34. a7 Qa2 35. Bg3 Kh7 36. Kh3 Bc5 37. Qxc5 Qxe2 38. Qf2 Qa6 39. Qd4 Qc8 40. Kg2 Qc2+ 41. Qf2 Qa4 42. f4 Qxe4+ 43. Qf3 Qc2+ 44. Bf2 Qf5 45. a8=Q Nxf4+ 46. Kf1 Qb1+ 47. Be1 Qb5+ 48. Kg1 Qc5+ 49. Kh1 Qc4 50. Qae4 Qxe4 51. Qxe4 Nh5 52. Qf3 Kg8 53. Bc3 Ng7 54. Qf6 Nf5 55. Qh8# 1-0


[Site "https://www.chess.com"]

[Event "Titled Tuesday Blitz March 28 Early 2023"]
[White "ElDivis"]
[Black "Albornoz Cabrera, Carlos Daniel"]
[BlackFideId "3518736"]
[WhiteElo "2453"]
[BlackElo "2501"]
[Result "0-1"]
[Round "02"]
[TimeControl "180+2"]
[Date "2023.03.28"]
[WhiteClock "0:00:33"]
[BlackClock "0:01:07"]

1. d4 Nf6 2. Nf3 g6 3. c4 d6 4. Nc3 Bg7 5. e4 Bg4 6. Be2 O-O 7. Ng1 Bxe2 8. Ngxe2 c5 9. d5 e6 10. O-O exd5 11. cxd5 b5 12. Nxb5 Nxe4 13. Nbc3 Nxc3 14. Nxc3 Nd7 15. Bf4 Ne5 16. Re1 Rb8 17. b3 Rb4 18. Bg3 Rd4 19. Qc2 Nd3 20. Re3 Nb4 21. Qe2 Nxd5 22. Nxd5 Rxd5 23. Re1 h5 24. h4 Bd4 25. Re8 Qf6 26. Rxf8+ Kxf8 27. Qe8+ Kg7 28. Qa8 Rf5 29. Re8 Bxf2+ 30. Bxf2 Rxf2 0-1


[Site "https://www.chess.com"]

[Event "Titled Tuesday Blitz March 28 Early 2023"]
[White "Preotu, Razvan"]
[Black "Nunez V, Gustavo Eduardo"]
[WhiteFideId "2613280"]
[BlackFideId "4403690"]
[WhiteElo "2407"]
[BlackElo "2228"]
[Result "1-0"]
[Round "02"]
[TimeControl "180+2"]
[Date "2023.03.28"]
[WhiteClock "0:00:29"]
[BlackClock "0:00:21"]

1. e4 c5 2. Nf3 e6 3. c3 d5 4. exd5 exd5 5. d4 c4 6. b3 cxb3 7. Bb5+ Bd7 8. Bxd7+ Nxd7 9. Qxb3 Nb6 10. O-O Bd6 11. a4 Qd7 12. a5 Nc4 13. Nbd2 Rc8 14. Nxc4 Rxc4 15. Rb1 Ne7 16. Qxb7 Qxb7 17. Rxb7 Rxc3 18. Rxa7 O-O 19. Rd7 Rc6 20. Ne5 Ra6 21. Bd2 Nf5 22. Nf3 h5 23. Rb1 Rc8 24. Rb6 Rc6 25. Rxa6 Rxa6 26. Ng5 f6 27. Rd8+ Bf8 28. Ne6 Rxe6 29. Rxd5 Ne7 30. Rd8 Nc6 31. Ra8 Kf7 32. d5 Rd6 33. dxc6 Rxd2 34. g3 Rc2 35. Rc8 Bc5 36. c7 Bxf2+ 37. Kf1 Bd4 38. Rd8 Rxc7 39. Rxd4 Ke6 40. Ra4 Ra7 41. a6 Kd6 42. Kf2 Kc6 43. Kf3 Kb6 44. Ke4 g6 45. Kd5 f5 46. Ke6 h4 47. Kf6 hxg3 48. hxg3 Kb5 49. Ra1 Rxa6+ 50. Rxa6 Kxa6 51. Kxg6 Kb7 52. Kxf5 Kc6 53. Ke6 Kc7 54. Ke7 Kc6 55. g4 Kd5 56. g5 Ke5 57. g6 Kf5 58. g7 Kg6 59. g8=Q+ Kh6 60. Kf6 Kh5 61. Qg5# 1-0


[Site "https://www.chess.com"]

[Event "Titled Tuesday Blitz March 28 Early 2023"]
[White "Devaev, Alexander"]
[Black "Kezin, Roman"]
[WhiteFideId "4169395"]
[BlackFideId "24124621"]
[WhiteElo "2225"]
[BlackElo "2497"]
[Result "0-1"]
[Round "02"]
[TimeControl "180+2"]
[Date "2023.03.28"]
[WhiteClock "0:00:36"]
[BlackClock "0:00:14"]

1. d4 g6 2. c4 Bg7 3. e4 d6 4. h3 Nc6 5. Nf3 e5 6. d5 Nd4 7. Be3 Nxf3+ 8. Qxf3 f5 9. Nc3 Nf6 10. Bd3 O-O 11. Qd1 c5 12. Qc2 f4 13. Bd2 Bd7 14. a3 b6 15. Be2 a6 16. b4 Rb8 17. Rb1 Qe7 18. bxc5 bxc5 19. O-O h5 20. Rxb8 Rxb8 21. Rb1 Rf8 22. f3 g5 23. Rb7 Qe8 24. Qd1 Qg6 25. Qb1 Bc8 26. Rc7 g4 27. fxg4 hxg4 28. Rxc8 Rxc8 29. hxg4 Nxg4 30. Qb7 Rf8 31. Qd7 f3 32. Kf1 fxg2+ 33. Kg1 Qh5 34. Qe6+ Kh8 35. Kxg2 Qh2# 0-1


[Site "https://www.chess.com"]

[Event "Titled Tuesday Blitz March 28 Early 2023"]
[White "Samunenkov, Ihor"]
[Black "Liu, Casper"]
[WhiteFideId "14187086"]
[BlackFideId "1454153"]
[WhiteElo "2457"]
[BlackElo "2221"]
[Result "1-0"]
[Round "02"]
[TimeControl "180+2"]
[Date "2023.03.28"]
[WhiteClock "0:01:03"]
[BlackClock "0:00:49"]

1. e4 c6 2. d4 d5 3. e5 Bf5 4. Nf3 e6 5. Be2 c5 6. O-O Nc6 7. c3 cxd4 8. Nxd4 Nge7 9. Nxf5 Nxf5 10. Bd3 g6 11. Qe2 Bg7 12. f4 O-O 13. Kh1 f6 14. exf6 Qxf6 15. Nd2 Rae8 16. Nf3 e5 17. fxe5 Nxe5 18. Bg5 Qb6 19. Nxe5 Rxe5 20. Qd2 Qe6 21. Bf4 Ne3 22. Rf3 Nxg2 23. Qxg2 Re1+ 24. Rxe1 Qxe1+ 25. Rf1 Qe6 26. Bg3 1-0


[Site "https://www.chess.com"]

[Event "Titled Tuesday Blitz March 28 Early 2023"]
[White "Kozelov, Roman"]
[Black "Zubritskiy, Artyom"]
[WhiteFideId "14133377"]
[BlackFideId "4181247"]
[WhiteElo "2149"]
[BlackElo "2419"]
[Result "0-1"]
[Round "02"]
[TimeControl "180+2"]
[Date "2023.03.28"]
[WhiteClock "0:00:26"]
[BlackClock "0:00:43"]

1. e4 c5 2. Nf3 Nf6 3. e5 Nd5 4. g3 d6 5. Bg2 Nc6 6. exd6 Qxd6 7. O-O Bg4 8. h3 Bh5 9. Nc3 e6 10. Re1 Nxc3 11. bxc3 Be7 12. Ba3 Qc7 13. Qe2 O-O 14. d3 Qa5 15. Bb2 Bf6 16. g4 Bg6 17. d4 Rfd8 18. Ne5 Nxe5 19. dxe5 Bg5 20. Qc4 Bxc2 21. Bc1 Be7 22. Bxb7 Rab8 23. Be4 Rd4 24. Qxd4 cxd4 25. Bxc2 Qxc3 0-1


[Site "https://www.chess.com"]

[Event "Titled Tuesday Blitz March 28 Early 2023"]
[White "Seo, Jung Min"]
[Black "Maxfan2008"]
[WhiteFideId "1734687"]
[WhiteElo "2468"]
[BlackElo "2412"]
[Result "1-0"]
[Round "02"]
[TimeControl "180+2"]
[Date "2023.03.28"]
[WhiteClock "0:00:15"]
[BlackClock "0:00:02"]

1. d4 Nf6 2. Nf3 d5 3. c4 c6 4. e3 e6 5. Nbd2 Nbd7 6. b3 b6 7. Bb2 Bb7 8. Bd3 Bd6 9. O-O O-O 10. Re1 Re8 11. Rc1 e5 12. dxe5 Nxe5 13. Nxe5 Bxe5 14. Bxe5 Rxe5 15. Nf3 Re7 16. cxd5 Nxd5 17. Qc2 h6 18. Rcd1 Qe8 19. Bc4 Nf6 20. Nd4 Re5 21. Nf5 Ne4 22. Nd6 Nxd6 23. Rxd6 c5 24. Red1 Rg5 25. g3 b5 26. Bf1 Rc8 27. Rd7 Bf3 28. R1d2 a6 29. R7d6 c4 30. bxc4 bxc4 31. Qc3 Qe5 32. Rd8+ Rxd8 33. Rxd8+ Kh7 34. Qxc4 Bd5 35. Qd3+ Rf5 36. f4 Qe6 37. g4 Be4 38. gxf5 Qxf5 39. Qd2 Qg6+ 40. Bg2 f5 41. h3 Qb6 42. Bxe4 fxe4 43. Rd4 Qg6+ 44. Kh2 Qh5 45. Qg2 Qb5 46. Qxe4+ g6 47. Qe7+ Kg8 48. Rd8+ 1-0


[Site "https://www.chess.com"]

[Event "Titled Tuesday Blitz March 28 Early 2023"]
[White "Ozdemir, Serhan Berat"]
[Black "Karolczuk, Iwo"]
[WhiteFideId "6374611"]
[BlackFideId "21816972"]
[WhiteElo "2015"]
[BlackElo "2348"]
[Result "1-0"]
[Round "02"]
[TimeControl "180+2"]
[Date "2023.03.28"]
[WhiteClock "0:00:26"]
[BlackClock "0:00:01"]

1. e4 c5 2. Nf3 d6 3. d4 cxd4 4. Nxd4 Nf6 5. Nc3 a6 6. Bg5 Nbd7 7. Qe2 h6 8. Bh4 g6 9. f4 e5 10. fxe5 dxe5 11. O-O-O Qc7 12. Nb3 b5 13. Rxd7 Nxd7 14. Nd5 Qd6 15. Na5 g5 16. Be1 Nc5 17. Bb4 Be6 18. Nb7 Qc6 19. Nf6+ Ke7 20. Nd5+ Ke8 21. Na5 Qd6 22. g3 Bxd5 23. exd5 Nd3+ 24. cxd3 Qxb4 25. Qxe5+ Qe7 26. Qxh8 Qe1+ 27. Kc2 Qxa5 28. Qe5+ Kd8 29. Qf6+ Kc7 30. Qc6+ Kb8 31. d6 Qd8 32. Bg2 Ra7 33. Kb1 Bxd6 34. Rc1 1-0


[Site "https://www.chess.com"]

[Event "Titled Tuesday Blitz March 28 Early 2023"]
[White "Molina, Roberto Junio Brito"]
[Black "Valle Maytin, Luis Enrique"]
[WhiteFideId "2109450"]
[BlackFideId "3503666"]
[WhiteElo "2376"]
[BlackElo "2225"]
[Result "1-0"]
[Round "02"]
[TimeControl "180+2"]
[Date "2023.03.28"]
[WhiteClock "0:02:28"]
[BlackClock "0:01:01"]

1. d4 d5 2. c4 c6 3. Nf3 Nf6 4. Nc3 e6 5. Bg5 Be7 6. e3 O-O 7. Bd3 Nbd7 8. O-O b6 9. Qe2 Bb7 10. Rac1 Rc8 11. Rfd1 h6 12. Bh4 Re8 13. cxd5 cxd5 14. Ba6 Qc7 15. Bg3 Bd6 16. Bxd6 Bxa6 17. Bxc7 Bxe2 18. Nxe2 Ne4 1-0


[Site "https://www.chess.com"]

[Event "Titled Tuesday Blitz March 28 Early 2023"]
[White "Mahdavi, Reza"]
[Black "Seletsky, Grigory"]
[WhiteFideId "12595926"]
[BlackFideId "14112191"]
[WhiteElo "2208"]
[BlackElo "2490"]
[Result "0-1"]
[Round "02"]
[TimeControl "180+2"]
[Date "2023.03.28"]
[WhiteClock "0:00:03"]
[BlackClock "0:00:16"]

1. Nf3 d5 2. g3 Nf6 3. Bg2 c6 4. c4 e6 5. d4 Be7 6. O-O O-O 7. Qc2 b6 8. b3 Bb7 9. Nc3 Nbd7 10. Bb2 Rc8 11. Rac1 Qc7 12. Rfd1 Qb8 13. e4 dxe4 14. Nxe4 Nxe4 15. Qxe4 c5 16. Qe3 Bf6 17. Ba3 cxd4 18. Nxd4 Nc5 19. Bxc5 Rxc5 20. Nb5 a6 21. Nd6 Bxg2 22. Kxg2 Rd8 23. Ne4 Rcc8 24. Qf3 Be7 25. Rxd8+ Rxd8 26. Rd1 h6 27. h4 Rxd1 28. Qxd1 Qd8 29. Qxd8+ Bxd8 30. Kf3 f5 31. Nc3 Bf6 32. Ne2 e5 33. Ke3 Kf7 34. Nc3 Ke6 35. Nd5 Bd8 36. f3 b5 37. h5 bxc4 38. bxc4 Kd6 39. Kd3 Bg5 40. f4 exf4 41. gxf4 Bd8 42. Ne3 Ke6 43. Nc2 Bc7 44. Nd4+ Kf6 45. Ne2 g6 46. hxg6 Kxg6 47. c5 Kf6 48. Kd4 Ke6 49. Kc4 h5 50. Nd4+ Kf6 51. Nf3 Ke6 52. Ng5+ Kd7 53. Kd5 Bxf4 54. c6+ Kc8 55. Ne6 Bg3 56. Nd4 f4 57. Nf3 h4 58. Ke4 h3 59. Kf5 h2 60. Nxh2 Bxh2 61. Ke4 0-1


[Site "https://www.chess.com"]

[Event "Titled Tuesday Blitz March 28 Early 2023"]
[White "Lorenzo De La Riva, Lazaro"]
[Black "Csonka, Balazs"]
[WhiteFideId "2268809"]
[BlackFideId "742910"]
[WhiteElo "2294"]
[BlackElo "2404"]
[Result "1/2-1/2"]
[Round "02"]
[TimeControl "180+2"]
[Date "2023.03.28"]
[WhiteClock "0:00:12"]
[BlackClock "0:00:07"]

1. e4 c6 2. d3 d5 3. Nf3 Qc7 4. g3 dxe4 5. dxe4 e5 6. Bg2 Nf6 7. O-O Bc5 8. Nbd2 O-O 9. c3 a5 10. Qc2 h6 11. Nc4 Nbd7 12. Ne3 Rd8 13. Nf5 Bf8 14. Nd2 b6 15. Nc4 Ba6 16. b3 b5 17. Nb2 Kh7 18. Re1 g6 19. Ne3 Nc5 20. h4 Rd7 21. a4 bxa4 22. bxa4 Rad8 23. Nec4 Nd3 24. Nxd3 Bxc4 25. Nb2 Be6 26. Bf1 Ng4 27. Re2 Bc5 28. Kg2 Qa7 29. f3 Ne3+ 30. Bxe3 Bxe3 31. Rd1 Rxd1 32. Nxd1 Bc5 33. Nb2 Qb6 34. Rd2 Rb8 35. Nc4 Qc7 36. Qd1 Kg7 37. Nd6 Qb6 38. h5 Bxd6 39. Rxd6 Qb2+ 40. Qd2 Qxd2+ 41. Rxd2 Rb1 42. Rd6 Ra1 43. Rxc6 Rxa4 44. hxg6 Kxg6 45. g4 Kg5 46. Kg3 Ra1 47. Bc4 Bxc4 48. Rxc4 a4 49. Rc5 Kf6 50. Rc6+ Ke7 51. Ra6 a3 52. c4 Kd7 53. c5 a2 54. Kg2 Kc7 55. Ra5 Kb7 56. Kh2 Kc6 57. Kg2 f6 58. Kh2 Kb7 59. Kg2 Kc7 60. Kh2 Kd7 61. Kg2 Ke7 62. Kh2 Ke6 63. Kg2 Kd7 64. Kh2 Kc6 1/2-1/2


[Site "https://www.chess.com"]

[Event "Titled Tuesday Blitz March 28 Early 2023"]
[White "Weetik, Vjacheslav"]
[Black "Karthik Sai Ch"]
[WhiteFideId "4153472"]
[BlackFideId "46649484"]
[WhiteElo "2469"]
[BlackElo "2003"]
[Result "1-0"]
[Round "02"]
[TimeControl "180+2"]
[Date "2023.03.28"]
[WhiteClock "0:00:10"]
[BlackClock "0:00:29"]

1. d4 d5 2. Bf4 Nf6 3. e3 c5 4. c3 Nc6 5. Nd2 Bf5 6. Ngf3 Qb6 7. Nh4 Be4 8. f3 Bg6 9. g4 e6 10. Nxg6 hxg6 11. Qb3 c4 12. Qc2 e5 13. dxe5 Nxe5 14. O-O-O Ned7 15. e4 d4 16. Nxc4 Qc6 17. cxd4 Bb4 18. d5 Qc8 19. e5 b5 20. exf6 bxc4 21. fxg7 Rg8 22. Bxc4 Rxg7 23. d6 Kf8 24. Bh6 Kg8 25. Bxg7 Kxg7 26. Kb1 Qc5 27. Bb3 Qb6 28. Qc7 Rd8 29. h4 Ba5 30. Qxb6 Nxb6 31. h5 gxh5 32. Rxh5 Bb4 33. d7 Rxd7 34. Rxd7 Nxd7 35. Rf5 f6 36. a3 Be7 37. Bc2 Ne5 38. g5 Bd8 39. f4 Nd7 40. Rd5 Bb6 41. Rxd7+ Kf8 42. g6 Bd4 43. Rf7+ Kg8 44. Bb3 f5 45. Rd7+ Kh8 46. Rxd4 Kg7 47. Rd6 Kh6 48. Bc2 Kg7 49. Bxf5 Kh6 50. Bc2 Kg7 51. f5 Kh6 52. Rd7 Kg5 53. g7 Kf6 54. g8=Q Ke5 55. Qe6+ Kf4 56. f6 Kg5 57. f7 Kh4 58. f8=Q Kg3 59. Rg7+ Kh4 60. Qh6# 1-0


[Site "https://www.chess.com"]

[Event "Titled Tuesday Blitz March 28 Early 2023"]
[White "Harshavardhan G B"]
[Black "Lopez Del Alamo, Antonio"]
[WhiteFideId "25059009"]
[BlackFideId "2227339"]
[WhiteElo "2323"]
[BlackElo "2175"]
[Result "1-0"]
[Round "02"]
[TimeControl "180+2"]
[Date "2023.03.28"]
[WhiteClock "0:01:40"]
[BlackClock "0:00:31"]

1. d4 Nf6 2. c4 g6 3. Nc3 Bg7 4. e4 d6 5. Nf3 O-O 6. Be2 e5 7. d5 a5 8. Bg5 h6 9. Be3 Ng4 10. Bc1 f5 11. exf5 gxf5 12. g3 Na6 13. O-O Bd7 14. Nh4 Nf6 15. f4 e4 16. Be3 Kh7 17. Nb5 Rg8 18. Nd4 Qc8 19. Bh5 Nxh5 20. Qxh5 Bxd4 21. Bxd4 Qe8 22. Qxe8 Raxe8 23. Ng2 Nb4 24. Ne3 b6 25. a3 Nd3 26. b4 axb4 27. axb4 Nxb4 28. Ra7 Rc8 29. Bxb6 Rg7 30. Rxc7 Ra8 31. Bd4 Rf7 32. Nxf5 1-0


[Site "https://www.chess.com"]

[Event "Titled Tuesday Blitz March 28 Early 2023"]
[White "Skvortsov, Andrei"]
[Black "Stalri"]
[WhiteFideId "24108600"]
[WhiteElo "2259"]
[BlackElo "2322"]
[Result "0-1"]
[Round "02"]
[TimeControl "180+2"]
[Date "2023.03.28"]
[WhiteClock "0:00:06"]
[BlackClock "0:00:08"]

1. e4 c5 2. Ne2 Nc6 3. Nbc3 e6 4. g3 Nf6 5. Bg2 d5 6. exd5 exd5 7. d4 Be6 8. h3 Rc8 9. O-O cxd4 10. Nxd4 Nxd4 11. Qxd4 Bc5 12. Qa4+ Qd7 13. Qxd7+ Kxd7 14. Ne2 Rhe8 15. Nf4 Ne4 16. c3 Nxg3 17. Rd1 Ke7 18. Bxd5 Bxd5 19. Rxd5 Red8 20. Kg2 Rxd5 21. Nxd5+ Kd6 22. c4 Ne4 23. Bf4+ Kc6 24. Re1 Re8 25. f3 Nf6 26. Rxe8 Nxe8 27. b4 Bd4 28. Ne7+ Kd7 29. Nf5 Bc3 30. b5 b6 31. Be3 g6 32. Ng3 Nd6 33. c5 bxc5 34. Bxc5 Nxb5 35. a4 Bd4 36. Bb4 Nd6 37. Ne2 Be5 38. f4 Bb2 39. Kf3 Kc6 40. Ng3 f5 41. h4 Nc4 42. h5 a5 43. Be1 Ba3 44. Bf2 Nb2 45. Ne2 Nxa4 46. Nd4+ Kd5 47. h6 Bf8 48. Nb3 Bxh6 49. Nxa5 Nc5 50. Be3 Bg7 51. Bf2 Bc3 52. Bxc5 Bxa5 53. Bf2 Bc7 54. Be3 Ke6 55. Bd4 Bd6 56. Bg7 Kf7 57. Bh6 Be7 58. Kg3 Bf6 59. Kf3 Bg7 60. Bg5 h6 61. Bh4 Bf6 62. Bf2 g5 63. Be3 g4+ 64. Kg2 h5 65. Bf2 Ke6 66. Bc5 Kd5 67. Ba7 Ke4 68. Kg3 h4+ 69. Kg2 Kxf4 70. Bb8+ Be5 71. Ba7 h3+ 72. Kh1 Kf3 73. Bf2 g3 74. Kg1 gxf2+ 75. Kf1 Kg3 0-1


[Site "https://www.chess.com"]

[Event "Titled Tuesday Blitz March 28 Early 2023"]
[White "Onslow, Alfie"]
[Black "Pulpan, Jakub"]
[WhiteFideId "436976"]
[BlackFideId "302759"]
[WhiteElo "2114"]
[BlackElo "2484"]
[Result "0-1"]
[Round "02"]
[TimeControl "180+2"]
[Date "2023.03.28"]
[WhiteClock "0:00:03"]
[BlackClock "0:01:22"]

1. Nf3 g6 2. e4 Bg7 3. d4 c6 4. Bd3 d5 5. e5 Nh6 6. c3 Bf5 7. Bxh6 Bxh6 8. Bxf5 gxf5 9. e6 O-O 10. Qe2 Qd6 11. exf7+ Rxf7 12. Nbd2 Nd7 13. Ne5 Nxe5 14. dxe5 Bxd2+ 15. Kxd2 Qh6+ 16. Kc2 e6 17. h4 Kh8 18. Rad1 Rg8 19. g3 f4 20. Rhg1 fxg3 21. fxg3 Rgf8 22. Rdf1 Qg6+ 23. Kb3 Rf5 24. g4 Rf4 25. Rxf4 Rxf4 26. Qe3 Qe4 27. Qxa7 Qc4+ 28. Ka3 Rf7 29. h5 b5 30. Qa8+ Kg7 31. h6+ Kxh6 32. Rh1+ Kg7 33. g5 Qc5+ 34. Kb3 Ra7 35. Qd8 Qc4+ 36. Kc2 Qe4+ 37. Kb3 Qa4# 0-1


[Site "https://www.chess.com"]

[Event "Titled Tuesday Blitz March 28 Early 2023"]
[White "Wilson, Elvin"]
[Black "Salemgareev, Tagir"]
[WhiteFideId "2014874"]
[BlackFideId "24199052"]
[WhiteElo "2293"]
[BlackElo "2366"]
[Result "0-1"]
[Round "02"]
[TimeControl "180+2"]
[Date "2023.03.28"]
[WhiteClock "0:00:01"]
[BlackClock "0:00:24"]

1. c4 e6 2. g3 d5 3. Bg2 d4 4. Nf3 Nf6 5. O-O Nc6 6. e3 Bc5 7. exd4 Nxd4 8. Nxd4 Bxd4 9. Nc3 e5 10. d3 O-O 11. Be3 c6 12. Bxd4 Qxd4 13. Qc2 Bf5 14. Ne4 Bxe4 15. Bxe4 Rfd8 16. Rad1 a5 17. Bg2 a4 18. Rfe1 a3 19. b3 h6 20. Qe2 Nd7 21. Bh3 Nc5 22. Qxe5 Qxe5 23. Rxe5 Nxd3 24. Re7 b6 25. Bd7 Nb4 26. Rd2 Kf8 27. Rde2 g6 28. h4 Ra7 29. Re8+ Rxe8 30. Rxe8+ Kg7 31. Bg4 Nxa2 32. Re1 Nb4 33. Ra1 a2 34. Bd1 Kf6 35. Kf1 Ke5 36. Ke2 Kd4 37. Kd2 f5 38. Be2 g5 39. hxg5 hxg5 40. Bd1 Rh7 41. Be2 Rh2 0-1


[Site "https://www.chess.com"]